Map: [ESL] Tropical Sacrifice

Players

PtitDrogo - Winner!

  • Race: Protoss Protoss
  • Spawn Location: 7:00

Strange

  • Race: Protoss Protoss
  • Spawn Location: 1:00

Event: DreamHack SC2 Masters 2022 Atlanta (Online)

VOD

Have the link to the VOD?

Description

Time

  • Played on: Oct. 8, 2022, 1:13 p.m.
  • Length: 8:23

All games in this series

Show
View Real Time Build Order
Export as new Build Order

PtitDrogo Protoss - Winner!

Build Orders: Phoenix Opening 

Get SALT Encoding   

  12  0:00  Probe  
  13  0:12  Probe  
  14  0:18  Pylon  
  14  0:24  Probe  
  15  0:36  Probe (Chrono Boost)  
  15  0:39  Gateway  
  16  0:45  Probe (Chrono Boost)  
  16  0:48  Assimilator  
  17  0:51  Probe  
  18  0:57  Assimilator  
  18  1:03  Probe (Chrono Boost)  
  19  1:12  Probe (Chrono Boost)  
  19  1:14  Gateway  
  19  1:17  Probe (Chrono Boost)  
  21  1:29  Cybernetics Core  
  21  1:32  Probe  
  22  1:41  Pylon  
  22  1:44  Probe  
  23  1:59  Probe  
  24  2:05  Stalker x2  
  28  2:08  Warp Gate  
  28  2:11  Probe  
  29  2:20  Pylon  
  29  2:25  Probe  
  30  2:39  Sentry x2  
  34  2:52  Nexus  
  34  2:58  Probe  
  35  3:02  Shield Battery  
  37  3:05  Sentry  
  37  3:10  Probe  
  38  3:17  Phoenix  
  38  3:18  Robotics Facility  
  38  3:22  Probe  
  39  3:38  Pylon  
  39  3:41  Forge  
  39  4:01  Stalker  
  39  4:02  Phoenix, Stalker  
  44  4:03  Immortal (Chrono Boost)  
  47  4:13  Shield Battery  
  47  4:14  Pylon  
  47  4:26  Stalker x2  
  51  4:37  Immortal (Chrono Boost)  
  55  4:46  Probe  
  55  4:47  Probe  
  55  5:02  Probe  
  55  5:03  Probe  
  55  5:06  Sentry, Immortal (Chrono Boost)  
  59  5:11  Stalker  
  65  5:15  Probe  
  65  5:19  Probe  
  65  5:21  Pylon  
  67  5:27  Probe  
  68  5:31  Probe  
  69  5:38  Immortal (Chrono Boost)  
  69  5:39  Probe  
  74  5:51  Probe x2  
  74  5:54  Gateway x2  
  76  6:00  Pylon  
  76  6:08  Probe  
  77  6:13  Probe  
  77  6:14  Assimilator  
  77  6:18  Observer (Chrono Boost)  
  79  6:19  Pylon  
  79  6:20  Probe  
  79  6:24  Gateway x2  
  79  6:25  Probe  
  81  6:35  Warp Prism (Chrono Boost), Probe  
  81  6:37  Stalker  
  87  6:40  Probe  
  87  6:42  Pylon  
  88  6:47  Probe  
  88  6:49  Assimilator  
  88  6:50  Pylon  
  86  7:04  Probe  
  87  7:11  Twilight Council  
  87  7:17  Nexus  
  87  7:19  Pylon  
  87  7:36  Adept x6  
  97  7:46  Probe  
  97  7:48  Probe  
  91  7:59  Stalker x6  
Show
View Real Time Build Order
Export as new Build Order

Strange Protoss 

Build Orders: Blink Stalkers 

Get SALT Encoding   

  12  0:00  Probe  
  13  0:12  Probe  
  14  0:17  Pylon  
  14  0:24  Probe (Chrono Boost)  
  15  0:37  Probe (Chrono Boost)  
  15  0:38  Gateway  
  16  0:43  Probe (Chrono Boost)  
  16  0:47  Assimilator  
  17  0:51  Probe  
  17  0:55  Assimilator  
  18  1:04  Probe (Chrono Boost)  
  19  1:08  Gateway  
  19  1:13  Probe (Chrono Boost)  
  19  1:18  Probe (Chrono Boost)  
  20  1:25  Cybernetics Core  
  21  1:30  Probe  
  22  1:35  Pylon  
  22  1:42  Probe  
  23  2:01  Stalker x2  
  23  2:02  Warp Gate  
  23  2:05  Pylon  
  27  2:22  Pylon  
  27  2:31  Stalker x2  
  31  2:40  Twilight Council  
  31  2:54  Gateway  
  31  3:03  Stalker  
  35  3:08  Shield Battery, Blink (Chrono Boost)  
  35  3:19  Pylon  
  33  3:23  Stalker  
  35  3:40  Gateway  
  35  3:50  Stalker x2  
  39  4:03  Stalker  
  39  4:05  Pylon  
  41  4:14  Stalker  
  43  4:21  Stalker  
  45  4:30  Stalker  
  47  4:38  Stalker  
  49  4:47  Stalker  
  44  5:19  Nexus  
  45  5:21  Probe (Chrono Boost)  
  45  5:24  Pylon  
  45  5:32  Sentry x2  
  45  5:33  Probe (Chrono Boost)  
  50  5:40  Probe (Chrono Boost)  
  51  5:48  Robotics Facility, Probe  
  52  6:00  Probe  
  52  6:03  Shield Battery  
  53  6:12  Probe  
  54  6:22  Pylon  
  54  6:24  Probe  
  55  6:33  Probe  
  55  6:34  Immortal (Chrono Boost)  
  55  6:36  Probe  
  61  6:43  Sentry  
  61  6:46  Probe  
  64  6:48  Probe  
  63  6:58  Probe  
  63  7:00  Probe  
  57  7:03  Robotics Bay  
  57  7:07  Stalker  
  57  7:12  Shield Battery  
  57  7:15  Immortal (Chrono Boost)  
  57  7:19  Probe  
  57  7:21  Probe  
  63  7:27  Stalker  
  63  7:31  Shield Battery  
  63  7:39  Probe, Assimilator  
  64  7:54  Observer  
  64  7:57  Stalker x2  
  65  7:59  Zealot x2  
  65  8:00  Probe  
  65  8:01  Shield Battery  
  65  8:03  Probe  
Tags
 
Add a new tag
Caveats
  • Supply blocks, unpowered buildings, or Contaminate may cause inaccurate times.
  • Supply counts are checked every 10 seconds.